WCHLSIM.com - West Coast Hockey League
html PUBLIC "-//W3C//DTD XHTML 1.0 Transitional//EN" "http://www.w3.org/TR/xhtml1/DTD/xhtml1-transitional.dtd"> WCHL - Game 229 - LAS VEGAS LIZARD KINGS vs KANSAS CITY KILLERBEES

LAS VEGAS LIZARD KINGS vs KANSAS CITY KILLERBEES

Created - 13 novembre 2022 at 21:26

Goals
1 2 3 T
LAS VEGAS LIZARD KINGS 2 1 1 4
KANSAS CITY KILLERBEES 1 0 0 1
Shots
1 2 3 T
LAS VEGAS LIZARD KINGS 13 7 10 30
KANSAS CITY KILLERBEES 10 5 12 27

1st period

1. LAS VEGAS LIZARD KINGS , Nino Niederreiter 6 (Jeff Carter 7, Evan Rodrigues 6) at 2:40
2. LAS VEGAS LIZARD KINGS , Nino Niederreiter 7 (Ryan Nugent-Hopkins 13, Johnny Gaudreau 13) at 6:02 (PP)
3. KANSAS CITY KILLERBEES , Cam Fowler 4 (Mason Marchment 7, Alexis Lafreniere 7) at 7:47 (PP)

Penalties :
Anders Bjork (KCK) for Tripping (Minor) at 5:24, Johnny Gaudreau (LVG) for Hooking (Minor) at 6:48, John Marino (LVG) for Hooking (Minor) at 8:57

2nd period

4. LAS VEGAS LIZARD KINGS , Jeff Carter 2 (Evan Rodrigues 7) at 7:25

Penalties :
Jake Lucchini (KCK) for Tripping (Minor) at 13:19

3rd period

5. LAS VEGAS LIZARD KINGS , Victor Olofsson 3 (Evan Rodrigues 8, Jeff Carter 8) at 2:22 (PP)

Penalties :
Buddy Robinson (KCK) for Interference (Minor) at 1:18

Goalie Stats

Mikko Koskinen (LVG), 26 saves from 27 shots - (0,963), W, 6-3-2, 60:00 minutes
Casey DeSmith (KCK), 8 saves from 8 shots - (1,000), 17:38 minutes
Ilya Samsonov (KCK), 18 saves from 22 shots - (0,818), L, 2-9-0, 42:22 minutes

Players Stats for LAS VEGAS LIZARD KINGS

Player Name              G  A  P  +/- PIM S  H  SB GA TA FO     MP     PP MP  PK MP  
------------------------------------------------------------------------------------
Brandon Hagel            0  0  0   0  0   4  2  0  0  0  0/1    15:21   0:00   1:49 
Brayden McNabb           0  0  0   0  0   1  2  5  0  0  0/0    22:05   0:00   1:12 
Drake Caggiula           0  0  0   0  0   0  0  0  0  0  0/0     6:32   0:00   0:00 
Dylan Gambrell           0  0  0   0  0   0  1  0  0  0  0/0     6:32   0:00   0:00 
Evan Rodrigues           0  3  3   2  0   3  0  0  0  0  6/9    18:26   1:18   1:49 
Jack Johnson             0  0  0   0  0   0  1  0  0  0  0/0    14:31   0:00   1:09 
Jeff Carter              1  2  3   2  0   3  0  0  0  0  10/18  17:46   1:18   1:09 
John Klingberg           0  0  0   0  0   0  1  0  0  0  0/0    24:20   2:15   1:12 
John Marino              0  0  0   2  2   2  3  0  0  0  0/0    21:08   1:26   0:37 
Johnny Gaudreau          0  1  1   0  2   7  0  0  0  0  1/2    20:20   2:23   0:00 
Matt Roy                 0  0  0   0  0   0  0  0  0  0  0/0    14:48   1:26   0:00 
Matthew Nieto            0  0  0   0  0   1  0  0  0  0  1/1    13:32   0:00   0:00 
Nick Leddy               0  0  0   2  0   0  0  0  0  0  0/0    23:07   2:15   1:46 
Nino Niederreiter        2  0  2   2  0   5  0  0  0  0  0/1    17:42   2:23   0:00 
Ryan Nugent-Hopkins      0  1  1   0  0   1  1  0  0  0  9/16   20:21   2:23   0:00 
Sean Monahan             0  0  0   0  0   0  1  0  0  0  8/14   13:32   0:00   0:00 
Victor Olofsson          1  0  1   0  0   3  2  0  0  0  0/1    19:16   1:18   0:00 
Zemgus Girgensons        0  0  0   0  0   0  0  0  0  0  2/4     7:41   0:00   1:09 

Players Stats for KANSAS CITY KILLERBEES

Player Name              G  A  P  +/- PIM S  H  SB GA TA FO     MP     PP MP  PK MP  
------------------------------------------------------------------------------------
Alexis Lafreniere        0  1  1   0  0   4  0  0  0  0  1/1    19:13   1:35   1:37 
Anders Bjork             0  0  0  -2  2   0  0  0  0  0  0/1    19:05   1:23   0:12 
Buddy Robinson           0  0  0   0  2   0  1  0  0  0  1/2    12:00   0:00   0:34 
Cam Fowler               1  0  1   0  0   2  0  1  0  0  0/0    27:13   2:00   1:20 
Colin Miller             0  0  0  -1  0   0  1  0  0  0  0/0     2:27   0:00   0:00 
Jacob Muzzin             0  0  0   0  0   0  3  1  0  0  0/0    19:39   0:00   0:00 
Jake Lucchini            0  0  0   0  2   0  2  0  0  0  1/2    12:17   0:00   1:04 
James van Riemsdyk       0  0  0  -2  0   2  1  0  0  0  0/1    17:37   1:23   0:00 
K'Andre Miller           0  0  0  -2  0   2  3  1  0  0  0/0    26:21   0:58   2:21 
Keith Yandle             0  0  0  -1  0   0  1  1  0  0  0/0    22:15   0:58   2:21 
MacKenzie Entwistle      0  0  0   0  0   2  1  0  0  0  0/0     9:09   0:00   0:07 
Mason Marchment          0  1  1   0  0   3  1  1  0  0  2/4    18:13   1:35   0:00 
Michael Chaput           0  0  0   0  0   0  2  0  0  0  4/7    12:12   0:00   3:10 
Ryan Dzingel             0  0  0   0  0   2  0  0  0  0  0/1    12:05   0:00   0:38 
Tyler Johnson            0  0  0   0  0   1  1  0  0  0  10/18  18:13   1:35   0:00 
Will Butcher             0  0  0   0  0   0  2  3  0  0  0/0    19:13   2:00   1:20 
Yegor Sharangovich       0  0  0  -2  0   6  0  0  0  0  10/19  17:37   1:23   0:00 
Zach Aston-Reese         0  0  0   0  0   3  0  0  0  0  1/11   11:27   0:00   0:00 

3 Stars

1 - Nino Niederreiter (LVG)
2 - Jeff Carter (LVG)
3 - Evan Rodrigues (LVG)

Power Play

LAS VEGAS LIZARD KINGS - 2 on 3 Attempt(s) - 66,67%
KANSAS CITY KILLERBEES - 1 on 2 Attempt(s) - 50,00%

Penalty Kill

LAS VEGAS LIZARD KINGS - 1 on 2 Attempt(s) - 50,00% - Score 0 goal in Penalty Kill
KANSAS CITY KILLERBEES - 1 on 3 Attempt(s) - 33,33% - Score 0 goal in Penalty Kill

Team Stat

LAS VEGAS LIZARD KINGS - Hits : 14 - Faceoff Wins : 37 - Blocked Shots : 5 - Penalty Minutes : 4
KANSAS CITY KILLERBEES - Hits : 19 - Faceoff Wins : 30 - Blocked Shots : 8 - Penalty Minutes : 6

Official

Referees : Jean Hebert and Wes McCauley
Linesman : Robb Harrell and Bryan Pancich

Game Notes

Colin Miller is injured at 6:35 of 1st period (Back Spasms)
Casey DeSmith enters game at 2:22 of 3rd period

Finance

Level 1 -- Attendance: 6152 (94,65%) -- Ticket Income 922 800 $
Level 2 -- Attendance: 4029 (76,02%) -- Ticket Income 483 480 $
Level 3 -- Attendance: 1961 (78,44%) -- Ticket Income 176 490 $
Level 4 -- Attendance: 4200 (100,00%) -- Ticket Income 210 000 $
Luxury Box -- Attendance: 1007 (98,73%) -- Ticket Income 292 030 $
Game was played at the Missouri Beehive Complex.
Total Attendance: 17349 (88,88%)
Total Ticket Income: 2 084 800 $
Other Expense: 20 848 $
Total Income: 2 063 952 $

LAS VEGAS LIZARD KINGS

5 vs 5 Forward 
   Center                   Left Wing                Right Wing               Time % Phy DF OF 
 1 Ryan Nugent-Hopkins      Johnny Gaudreau          Victor Olofsson          37     0   2  3  
 2 Jeff Carter              Evan Rodrigues           Nino Niederreiter        30     0   2  3  
 3 Sean Monahan             Brandon Hagel            Matthew Nieto            25     1   3  1  
 4 Zemgus Girgensons        Drake Caggiula           Dylan Gambrell           8      1   2  2  

5 vs 5 Defense 
   Defense                  Defense                                           Time % Phy DF OF 
 1 Brayden McNabb           John Klingberg                                    40     1   2  2  
 2 John Marino              Nick Leddy                                        35     1   2  2  
 3 Matt Roy                 Jack Johnson                                      25     1   2  2  
 4 Brayden McNabb           John Klingberg                                    0      1   2  2  

PowerPlay Forward 
   Center                   Left Wing                Right Wing               Time % Phy DF OF 
 1 Ryan Nugent-Hopkins      Johnny Gaudreau          Nino Niederreiter        60     1   2  2  
 2 Jeff Carter              Evan Rodrigues           Victor Olofsson          40     1   2  2  

PowerPlay Defense
   Defense                  Defense                                           Time % Phy DF OF 
 1 Nick Leddy               John Klingberg                                    60     1   2  2  
 2 John Marino              Matt Roy                                          40     1   2  2  

Penalty Kill 4 Players Forward 
   Center                   Wing                     Time % Phy DF OF 
 1 Evan Rodrigues           Brandon Hagel            55     0   5  0  
 2 Jeff Carter              Zemgus Girgensons        45     0   5  0  

Penalty Kill 4 Players Defense
   Defense                  Defense                  Time % Phy DF OF 
 1 Brayden McNabb           John Klingberg           55     0   5  0  
 2 Nick Leddy               John Marino              45     0   5  0  

Penalty Kill - 3 Players Forward 
   Forward                                           Time % Phy DF OF 
 1 Evan Rodrigues                                    55     0   5  0  
 2 Zemgus Girgensons                                 45     0   5  0  

Penalty Kill - 3 Players Defense
   Defense                  Defense                  Time % Phy DF OF 
 1 John Marino              Jack Johnson             55     0   3  2  
 2 Nick Leddy               Brayden McNabb           45     0   5  0  

4 vs 4 Forward 
   Center                   Wing                     Time % Phy DF OF 
 1 Ryan Nugent-Hopkins      Johnny Gaudreau          55     1   2  2  
 2 Jeff Carter              Nino Niederreiter        45     1   2  2  

4 vs 4 Defense
   Defense                  Defense                  Time % Phy DF OF 
 1 Brayden McNabb           John Klingberg           55     1   2  2  
 2 Nick Leddy               John Marino              45     1   2  2  

Last Minutes Offensive
   Center                   Left Wing                Right Wing               Defense                  Defense                  
   Ryan Nugent-Hopkins      Johnny Gaudreau          Nino Niederreiter        Nick Leddy               John Klingberg           

Last Minutes Defensive
   Center                   Left Wing                Right Wing               Defense                  Defense                  
   Evan Rodrigues           Johnny Gaudreau          Nino Niederreiter        Brayden McNabb           Matt Roy                 

Goaltenders
Starting : Mikko Koskinen           
Backup : Spencer Knight           

Extra Forwards
Normal : Victor Olofsson, Brandon Hagel, Sean Monahan - PP : Evan Rodrigues, Brandon Hagel - PK : Sean Monahan
Extra Defensemen
Normal : John Marino, Jack Johnson, Nick Leddy - PP : John Marino - PK : Jack Johnson, Nick Leddy
Penalty Shots
Johnny Gaudreau, Ryan Nugent-Hopkins, Victor Olofsson, Jeff Carter, Brandon Hagel
Custom OT Lines Forwards
Johnny Gaudreau, Ryan Nugent-Hopkins, Jeff Carter, Nino Niederreiter, Evan Rodrigues, Brandon Hagel, Victor Olofsson, Sean Monahan, Zemgus Girgensons, Matthew Nieto
Custom OT Lines Defensemen
Brayden McNabb, John Klingberg, Nick Leddy, Matt Roy, John Marino

Scratches
None

KANSAS CITY KILLERBEES

5 vs 5 Forward 
   Center                   Left Wing                Right Wing               Time % Phy DF OF 
 1 Tyler Johnson            Mason Marchment          Alexis Lafreniere        36     1   2  2  
 2 Yegor Sharangovich       James van Riemsdyk       Anders Bjork             31     1   2  2  
 3 Zach Aston-Reese         Ryan Dzingel             Buddy Robinson           23     1   2  2  
 4 Michael Chaput           Jake Lucchini            MacKenzie Entwistle      10     1   2  2  

5 vs 5 Defense 
   Defense                  Defense                                           Time % Phy DF OF 
 1 Cam Fowler               Jacob Muzzin                                      36     1   2  2  
 2 K'Andre Miller           Colin Miller                                      31     1   2  2  
 3 Keith Yandle             Will Butcher                                      23     1   2  2  
 4 K'Andre Miller           Cam Fowler                                        10     1   2  2  

PowerPlay Forward 
   Center                   Left Wing                Right Wing               Time % Phy DF OF 
 1 Tyler Johnson            Mason Marchment          Alexis Lafreniere        55     1   2  2  
 2 Yegor Sharangovich       James van Riemsdyk       Anders Bjork             45     1   2  2  

PowerPlay Defense
   Defense                  Defense                                           Time % Phy DF OF 
 1 K'Andre Miller           Keith Yandle                                      55     1   2  2  
 2 Cam Fowler               Will Butcher                                      45     1   2  2  

Penalty Kill 4 Players Forward 
   Center                   Wing                     Time % Phy DF OF 
 1 Jake Lucchini            Buddy Robinson           55     1   2  2  
 2 Ryan Dzingel             Anders Bjork             45     1   2  2  

Penalty Kill 4 Players Defense
   Defense                  Defense                  Time % Phy DF OF 
 1 Will Butcher             Cam Fowler               55     1   2  2  
 2 K'Andre Miller           Keith Yandle             45     1   2  2  

Penalty Kill - 3 Players Forward 
   Forward                                           Time % Phy DF OF 
 1 Tyler Johnson                                     55     1   2  2  
 2 Michael Chaput                                    45     1   2  2  

Penalty Kill - 3 Players Defense
   Defense                  Defense                  Time % Phy DF OF 
 1 Will Butcher             Cam Fowler               55     1   2  2  
 2 Keith Yandle             K'Andre Miller           45     1   2  2  

4 vs 4 Forward 
   Center                   Wing                     Time % Phy DF OF 
 1 Yegor Sharangovich       James van Riemsdyk       55     1   2  2  
 2 Tyler Johnson            Alexis Lafreniere        45     1   2  2  

4 vs 4 Defense
   Defense                  Defense                  Time % Phy DF OF 
 1 Will Butcher             Cam Fowler               55     1   2  2  
 2 K'Andre Miller           Keith Yandle             45     1   2  2  

Last Minutes Offensive
   Center                   Left Wing                Right Wing               Defense                  Defense                  
   Tyler Johnson            Mason Marchment          Alexis Lafreniere        Cam Fowler               Jacob Muzzin             

Last Minutes Defensive
   Center                   Left Wing                Right Wing               Defense                  Defense                  
   Yegor Sharangovich       Mason Marchment          Anders Bjork             Cam Fowler               Jacob Muzzin             

Goaltenders
Starting : Ilya Samsonov            
Backup : Casey DeSmith            

Extra Forwards
Normal : Alexis Lafreniere, Yegor Sharangovich, James van Riemsdyk - PP : Alexis Lafreniere, Yegor Sharangovich - PK : Michael Chaput
Extra Defensemen
Normal : Keith Yandle, Will Butcher, K'Andre Miller - PP : Will Butcher - PK : Keith Yandle, Will Butcher
Penalty Shots
Alexis Lafreniere, Yegor Sharangovich, Tyler Johnson, James van Riemsdyk, MacKenzie Entwistle
Custom OT Lines Forwards
James van Riemsdyk, Alexis Lafreniere, Yegor Sharangovich, Ryan Dzingel, MacKenzie Entwistle, Tyler Johnson, Zach Aston-Reese, Anders Bjork, Michael Chaput, Jake Lucchini
Custom OT Lines Defensemen
Will Butcher, Cam Fowler, K'Andre Miller, Keith Yandle, Jacob Muzzin

Scratches
Cody McLeod (Healthy), Jakub Zboril (Healthy), Jeff Kubiak (Healthy), Brett Connolly (Healthy), Parker Wotherspoon (Healthy)

% Time on Ice - LAS VEGAS LIZARD KINGS

Lines # - Real PCT - Wanted PCT - Time Play
Normal Forward
1 - 34% - 37% - 17:58
2 - 29% - 30% - 15:19
3 - 25% - 25% - 13:32
4 - 12% - 8% - 6:32
Normal Defense
1 - 39% - 40% - 20:53
2 - 36% - 35% - 19:06
3 - 25% - 25% - 13:22
4 - 0% - 0% - 0:00
PP Forward
1 - 65% - 60% - 2:23
2 - 35% - 40% - 1:18
PP Defense
1 - 61% - 60% - 2:15
2 - 39% - 40% - 1:26
PK Forward
1 - 61% - 55% - 1:49
2 - 39% - 45% - 1:09
PK Defense
1 - 40% - 55% - 1:12
2 - 60% - 45% - 1:46
PK3 Forward
1 - 0% - 55%
2 - 0% - 45%
PK3 Defense
1 - 0% - 55%
2 - 0% - 45%
44 Forward
1 - 0% - 55%
2 - 0% - 45%
44 Defense
1 - 0% - 55%
2 - 0% - 45%
Last Minute Offensive  - 0:00
Last Minute Defensive  - 0:00
Total
Forward - 60:00
Defense - 60:00

% Time on Ice - KANSAS CITY KILLERBEES

Lines # - Real PCT - Wanted PCT - Time Play
Normal Forward
1 - 31% - 36% - 16:38
2 - 30% - 31% - 16:14
3 - 21% - 23% - 11:27
4 - 17% - 10% - 9:02
Normal Defense
1 - 32% - 36% - 17:15
2 - 45% - 31% - 23:52
3 - 20% - 23% - 10:37
4 - 3% - 10% - 1:37
PP Forward
1 - 53% - 55% - 1:35
2 - 47% - 45% - 1:23
PP Defense
1 - 33% - 55% - 0:58
2 - 67% - 45% - 2:00
PK Forward
1 - 83% - 55% - 3:03
2 - 17% - 45% - 0:38
PK Defense
1 - 36% - 55% - 1:20
2 - 64% - 45% - 2:21
PK3 Forward
1 - 0% - 55%
2 - 0% - 45%
PK3 Defense
1 - 0% - 55%
2 - 0% - 45%
44 Forward
1 - 0% - 55%
2 - 0% - 45%
44 Defense
1 - 0% - 55%
2 - 0% - 45%
Last Minute Offensive  - 0:00
Last Minute Defensive  - 0:00
Total
Forward - 60:00
Defense - 60:00

Play-by-Play

1st period


0:01 of 1st period - Tyler Johnson wins face-off versus Ryan Nugent-Hopkins in neutral zone.
0:06 of 1st period - Ryan Nugent-Hopkins is hit by Mason Marchment and loses puck.
0:30 of 1st period - Shot by Johnny Gaudreau.
0:30 of 1st period - Stopped by Ilya Samsonov with a rebound.
1:15 of 1st period - Shot by Evan Rodrigues.
1:15 of 1st period - Stopped by Ilya Samsonov without a rebound.
1:16 of 1st period - Sean Monahan wins face-off versus Zach Aston-Reese in KANSAS CITY KILLERBEES zone.
1:23 of 1st period - Shot by Matthew Nieto.
1:23 of 1st period - Shot Misses the Net.
2:16 of 1st period - Shot by Yegor Sharangovich.
2:16 of 1st period - Shot Misses the Net.
2:38 of 1st period - Shot by Jeff Carter.
2:38 of 1st period - Shot Misses the Net.
2:40 of 1st period - Shot by Jeff Carter.
2:40 of 1st period - Deflect By Nino Niederreiter.
2:40 of 1st period - Goal by Nino Niederreiter - LAS VEGAS LIZARD KINGS : 1 - KANSAS CITY KILLERBEES : 0.
2:41 of 1st period - Zemgus Girgensons wins face-off versus Michael Chaput in neutral zone.
2:41 of 1st period - John Marino is hit by Michael Chaput and loses puck.
3:20 of 1st period - Shot by MacKenzie Entwistle.
3:20 of 1st period - Stopped by Mikko Koskinen with a rebound.
4:23 of 1st period - Evan Rodrigues is hit by Colin Miller and loses puck.
4:30 of 1st period - Shot by Nino Niederreiter.
4:30 of 1st period - Shot Misses the Net.
4:32 of 1st period - Shot by Nino Niederreiter.
4:32 of 1st period - Deflect By Evan Rodrigues.
4:32 of 1st period - Stopped by Ilya Samsonov with a rebound.
4:43 of 1st period - Icing by Colin Miller.
4:44 of 1st period - Johnny Gaudreau wins face-off versus Zach Aston-Reese in KANSAS CITY KILLERBEES zone.
4:58 of 1st period - Shot by Victor Olofsson.
4:58 of 1st period - Stopped by Ilya Samsonov without a rebound.
4:59 of 1st period - Sean Monahan wins face-off versus Yegor Sharangovich in KANSAS CITY KILLERBEES zone.
5:04 of 1st period - Shot by Brandon Hagel.
5:04 of 1st period - Stopped by Ilya Samsonov without a rebound.
5:05 of 1st period - Yegor Sharangovich wins face-off versus Jeff Carter in KANSAS CITY KILLERBEES zone.
5:13 of 1st period - Brayden McNabb is hit by Jacob Muzzin and loses puck.
5:21 of 1st period - Cam Fowler is hit by Brayden McNabb.
5:24 of 1st period - Minor Penalty to Anders Bjork for Tripping.
5:25 of 1st period - Ryan Nugent-Hopkins wins face-off versus Jake Lucchini in KANSAS CITY KILLERBEES zone.
5:26 of 1st period - Shot by Johnny Gaudreau.
5:26 of 1st period - Stopped by Ilya Samsonov with a rebound.
6:00 of 1st period - Shot by Ryan Nugent-Hopkins.
6:00 of 1st period - Shot Misses the Net.
6:02 of 1st period - Shot by Nino Niederreiter.
6:02 of 1st period - Goal by Nino Niederreiter - LAS VEGAS LIZARD KINGS : 2 - KANSAS CITY KILLERBEES : 0.
6:03 of 1st period - Alexis Lafreniere wins face-off versus Brandon Hagel in neutral zone.
6:34 of 1st period - Colin Miller is hit by Sean Monahan and loses puck.
6:35 of 1st period - Colin Miller from KANSAS CITY KILLERBEES is injured at 6:35 of 1st period (Back Spasms).
6:36 of 1st period - Ryan Nugent-Hopkins wins face-off versus Yegor Sharangovich in KANSAS CITY KILLERBEES zone.
6:41 of 1st period - Shot by Ryan Nugent-Hopkins.
6:41 of 1st period - Deflect By Victor Olofsson.
6:41 of 1st period - Shot Misses the Net.
6:48 of 1st period - Minor Penalty to Johnny Gaudreau for Hooking.
6:49 of 1st period - Evan Rodrigues wins face-off versus Anders Bjork in LAS VEGAS LIZARD KINGS zone.
7:13 of 1st period - Shot by Yegor Sharangovich.
7:13 of 1st period - Stopped by Mikko Koskinen without a rebound.
7:14 of 1st period - Jeff Carter wins face-off versus Tyler Johnson in LAS VEGAS LIZARD KINGS zone.
7:27 of 1st period - Shot by Cam Fowler.
7:27 of 1st period - Shot Blocked by Brayden McNabb.
7:43 of 1st period - Shot by Cam Fowler.
7:43 of 1st period - Deflect By Alexis Lafreniere.
7:43 of 1st period - Shot Misses the Net.
7:45 of 1st period - Shot by Mason Marchment.
7:45 of 1st period - Stopped by Mikko Koskinen with a rebound.
7:47 of 1st period - Shot by Cam Fowler.
7:47 of 1st period - Goal by Cam Fowler - LAS VEGAS LIZARD KINGS : 2 - KANSAS CITY KILLERBEES : 1.
7:48 of 1st period - Ryan Nugent-Hopkins wins face-off versus Yegor Sharangovich in neutral zone.
8:22 of 1st period - Shot by Victor Olofsson.
8:22 of 1st period - Stopped by Ilya Samsonov with a rebound.
8:57 of 1st period - Minor Penalty to John Marino for Hooking.
8:58 of 1st period - Tyler Johnson wins face-off versus Evan Rodrigues in LAS VEGAS LIZARD KINGS zone.
8:59 of 1st period - Shot by Alexis Lafreniere.
8:59 of 1st period - Stopped by Mikko Koskinen without a rebound.
9:00 of 1st period - Tyler Johnson wins face-off versus Evan Rodrigues in LAS VEGAS LIZARD KINGS zone.
9:25 of 1st period - Shot by Alexis Lafreniere.
9:25 of 1st period - Stopped by Mikko Koskinen without a rebound.
9:26 of 1st period - Evan Rodrigues wins face-off versus Yegor Sharangovich in LAS VEGAS LIZARD KINGS zone.
9:34 of 1st period - Icing by Cam Fowler.
9:35 of 1st period - Evan Rodrigues wins face-off versus Yegor Sharangovich in KANSAS CITY KILLERBEES zone.
9:42 of 1st period - Shot by Yegor Sharangovich.
9:42 of 1st period - Stopped by Mikko Koskinen without a rebound.
9:43 of 1st period - Tyler Johnson wins face-off versus Evan Rodrigues in LAS VEGAS LIZARD KINGS zone.
10:10 of 1st period - Shot by Mason Marchment.
10:10 of 1st period - Stopped by Mikko Koskinen without a rebound.
10:11 of 1st period - Jeff Carter wins face-off versus Yegor Sharangovich in LAS VEGAS LIZARD KINGS zone.
10:11 of 1st period - Jeff Carter is hit by James van Riemsdyk.
10:51 of 1st period - Shot by Yegor Sharangovich.
10:51 of 1st period - Stopped by Mikko Koskinen without a rebound.
10:52 of 1st period - Evan Rodrigues wins face-off versus Tyler Johnson in LAS VEGAS LIZARD KINGS zone.
11:01 of 1st period - Shot by Brandon Hagel.
11:01 of 1st period - Stopped by Ilya Samsonov with a rebound.
11:19 of 1st period - K'Andre Miller is hit by Ryan Nugent-Hopkins and loses puck.
12:55 of 1st period - Shot by Yegor Sharangovich.
12:55 of 1st period - Stopped by Mikko Koskinen without a rebound.
12:56 of 1st period - Sean Monahan wins face-off versus Michael Chaput in LAS VEGAS LIZARD KINGS zone.
14:03 of 1st period - Shot by Zemgus Girgensons.
14:03 of 1st period - Shot Blocked by Cam Fowler.
16:32 of 1st period - Shot by Ryan Nugent-Hopkins.
16:32 of 1st period - Deflect By Johnny Gaudreau.
16:32 of 1st period - Stopped by Ilya Samsonov without a rebound.
16:33 of 1st period - Tyler Johnson wins face-off versus Sean Monahan in KANSAS CITY KILLERBEES zone.
17:01 of 1st period - Shot by Brandon Hagel.
17:01 of 1st period - Shot Blocked by Will Butcher.
17:03 of 1st period - Shot by Brandon Hagel.
17:03 of 1st period - Stopped by Ilya Samsonov without a rebound.
17:04 of 1st period - Zemgus Girgensons wins face-off versus Yegor Sharangovich in KANSAS CITY KILLERBEES zone.
17:24 of 1st period - James van Riemsdyk is hit by Brayden McNabb and loses puck.
17:27 of 1st period - Shot by Yegor Sharangovich.
17:27 of 1st period - Shot Misses the Net.
17:31 of 1st period - Shot by Yegor Sharangovich.
17:31 of 1st period - Shot Blocked by Brayden McNabb.
17:33 of 1st period - Shot by Yegor Sharangovich.
17:33 of 1st period - Shot Misses the Net.
18:01 of 1st period - Zach Aston-Reese is hit by Victor Olofsson and loses puck.
18:14 of 1st period - Shot by Ryan Nugent-Hopkins.
18:14 of 1st period - Shot Misses the Net.
18:22 of 1st period - Shot by Ryan Nugent-Hopkins.
18:22 of 1st period - Shot Misses the Net.
18:29 of 1st period - Johnny Gaudreau is hit by Keith Yandle and loses puck.
18:43 of 1st period - Icing by K'Andre Miller.
18:44 of 1st period - Evan Rodrigues wins face-off versus Zach Aston-Reese in KANSAS CITY KILLERBEES zone.
18:51 of 1st period - Shot by Evan Rodrigues.
18:51 of 1st period - Deflect By Jeff Carter.
18:51 of 1st period - Shot Misses the Net.
19:13 of 1st period - Shot by Jeff Carter.
19:13 of 1st period - Stopped by Ilya Samsonov without a rebound.
19:14 of 1st period - Matthew Nieto wins face-off versus Yegor Sharangovich in KANSAS CITY KILLERBEES zone.
19:18 of 1st period - Icing by Jacob Muzzin.
19:19 of 1st period - Yegor Sharangovich wins face-off versus Sean Monahan in KANSAS CITY KILLERBEES zone.
19:25 of 1st period - Icing by Brandon Hagel.
19:26 of 1st period - Sean Monahan wins face-off versus Tyler Johnson in LAS VEGAS LIZARD KINGS zone.
Goals for this period are 2 for LAS VEGAS LIZARD KINGS vs 1 for KANSAS CITY KILLERBEES.
Shots for this period are 13 for LAS VEGAS LIZARD KINGS vs 10 for KANSAS CITY KILLERBEES.

2nd period


0:01 of 2nd period - Mason Marchment wins face-off versus Ryan Nugent-Hopkins in neutral zone.
0:20 of 2nd period - Shot by Johnny Gaudreau.
0:20 of 2nd period - Shot Blocked by Keith Yandle.
0:26 of 2nd period - Shot by Johnny Gaudreau.
0:26 of 2nd period - Shot Misses the Net.
1:24 of 2nd period - Off-side.
1:25 of 2nd period - Evan Rodrigues wins face-off versus Zach Aston-Reese in neutral zone.
1:40 of 2nd period - Shot by Zach Aston-Reese.
1:40 of 2nd period - Stopped by Mikko Koskinen with a rebound.
1:50 of 2nd period - Shot by Jeff Carter.
1:50 of 2nd period - Shot Misses the Net.
1:52 of 2nd period - Shot by Nino Niederreiter.
1:52 of 2nd period - Stopped by Ilya Samsonov without a rebound.
1:53 of 2nd period - Michael Chaput wins face-off versus Sean Monahan in KANSAS CITY KILLERBEES zone.
2:08 of 2nd period - Matt Roy is hit by Michael Chaput.
2:23 of 2nd period - Shot by MacKenzie Entwistle.
2:23 of 2nd period - Stopped by Mikko Koskinen with a rebound.
2:25 of 2nd period - Shot by K'Andre Miller.
2:25 of 2nd period - Shot Misses the Net.
2:27 of 2nd period - Shot by K'Andre Miller.
2:27 of 2nd period - Stopped by Mikko Koskinen with a rebound.
2:41 of 2nd period - Icing by Alexis Lafreniere.
2:42 of 2nd period - Jeff Carter wins face-off versus Tyler Johnson in KANSAS CITY KILLERBEES zone.
2:42 of 2nd period - Nino Niederreiter is hit by Jacob Muzzin and loses puck.
3:00 of 2nd period - Icing by John Klingberg.
3:01 of 2nd period - Jeff Carter wins face-off versus James van Riemsdyk in LAS VEGAS LIZARD KINGS zone.
3:51 of 2nd period - Ryan Nugent-Hopkins is hit by K'Andre Miller and loses puck.
3:54 of 2nd period - Shot by Johnny Gaudreau.
3:54 of 2nd period - Stopped by Ilya Samsonov with a rebound.
3:56 of 2nd period - Shot by Johnny Gaudreau.
3:56 of 2nd period - Stopped by Ilya Samsonov without a rebound.
3:57 of 2nd period - Sean Monahan wins face-off versus Tyler Johnson in KANSAS CITY KILLERBEES zone.
6:00 of 2nd period - Shot by Ryan Nugent-Hopkins.
6:00 of 2nd period - Shot Misses the Net.
6:26 of 2nd period - Shot by Yegor Sharangovich.
6:26 of 2nd period - Shot Blocked by Brayden McNabb.
6:28 of 2nd period - Shot by Yegor Sharangovich.
6:28 of 2nd period - Stopped by Mikko Koskinen without a rebound.
6:29 of 2nd period - Yegor Sharangovich wins face-off versus Zemgus Girgensons in LAS VEGAS LIZARD KINGS zone.
7:25 of 2nd period - Shot by Jeff Carter.
7:25 of 2nd period - Goal by Jeff Carter - LAS VEGAS LIZARD KINGS : 3 - KANSAS CITY KILLERBEES : 1.
7:26 of 2nd period - Ryan Nugent-Hopkins wins face-off versus Mason Marchment in neutral zone.
7:35 of 2nd period - Shot by Johnny Gaudreau.
7:35 of 2nd period - Shot Misses the Net.
8:31 of 2nd period - Shot by Jeff Carter.
8:31 of 2nd period - Stopped by Ilya Samsonov without a rebound.
8:32 of 2nd period - Sean Monahan wins face-off versus Michael Chaput in KANSAS CITY KILLERBEES zone.
8:34 of 2nd period - Brandon Hagel is hit by Will Butcher and loses puck.
9:02 of 2nd period - Brayden McNabb is hit by Will Butcher and loses puck.
10:29 of 2nd period - Icing by Cam Fowler.
10:30 of 2nd period - Ryan Nugent-Hopkins wins face-off versus Yegor Sharangovich in KANSAS CITY KILLERBEES zone.
10:39 of 2nd period - Shot by Johnny Gaudreau.
10:39 of 2nd period - Deflect By Ryan Nugent-Hopkins.
10:39 of 2nd period - Shot Misses the Net.
10:41 of 2nd period - Shot by Ryan Nugent-Hopkins.
10:41 of 2nd period - Deflect By Johnny Gaudreau.
10:41 of 2nd period - Shot Blocked by Jacob Muzzin.
10:54 of 2nd period - Shot by Johnny Gaudreau.
10:54 of 2nd period - Shot Misses the Net.
11:06 of 2nd period - Shot by Johnny Gaudreau.
11:06 of 2nd period - Stopped by Ilya Samsonov with a rebound.
11:08 of 2nd period - Shot by John Marino.
11:08 of 2nd period - Shot Misses the Net.
11:24 of 2nd period - Alexis Lafreniere is hit by Victor Olofsson and loses puck.
11:49 of 2nd period - Shot by Evan Rodrigues.
11:49 of 2nd period - Shot Misses the Net.
12:56 of 2nd period - Zemgus Girgensons is hit by K'Andre Miller and loses puck.
13:00 of 2nd period - Icing by Buddy Robinson.
13:01 of 2nd period - Sean Monahan wins face-off versus Zach Aston-Reese in KANSAS CITY KILLERBEES zone.
13:03 of 2nd period - Matthew Nieto is hit by Jake Lucchini and loses puck.
13:11 of 2nd period - Icing by K'Andre Miller.
13:12 of 2nd period - Ryan Nugent-Hopkins wins face-off versus Zach Aston-Reese in KANSAS CITY KILLERBEES zone.
13:16 of 2nd period - Ryan Nugent-Hopkins is hit by Jake Lucchini.
13:19 of 2nd period - Minor Penalty to Jake Lucchini for Tripping.
13:20 of 2nd period - Michael Chaput wins face-off versus Ryan Nugent-Hopkins in KANSAS CITY KILLERBEES zone.
13:26 of 2nd period - Icing by John Klingberg.
13:27 of 2nd period - Michael Chaput wins face-off versus Ryan Nugent-Hopkins in LAS VEGAS LIZARD KINGS zone.
13:46 of 2nd period - Shot by Ryan Nugent-Hopkins.
13:46 of 2nd period - Deflect By Nino Niederreiter.
13:46 of 2nd period - Shot Blocked by K'Andre Miller.
14:03 of 2nd period - Shot by Nino Niederreiter.
14:03 of 2nd period - Stopped by Ilya Samsonov with a rebound.
15:58 of 2nd period - Shot by Yegor Sharangovich.
15:58 of 2nd period - Shot Blocked by Brayden McNabb.
16:00 of 2nd period - Shot by Jacob Muzzin.
16:00 of 2nd period - Shot Blocked by Brayden McNabb.
17:53 of 2nd period - Icing by Cam Fowler.
17:54 of 2nd period - Jeff Carter wins face-off versus Tyler Johnson in KANSAS CITY KILLERBEES zone.
17:58 of 2nd period - Icing by Jacob Muzzin.
17:59 of 2nd period - Tyler Johnson wins face-off versus Jeff Carter in KANSAS CITY KILLERBEES zone.
18:18 of 2nd period - Shot by Jeff Carter.
18:18 of 2nd period - Shot Misses the Net.
18:26 of 2nd period - Shot by Zach Aston-Reese.
18:26 of 2nd period - Stopped by Mikko Koskinen with a rebound.
19:53 of 2nd period - Off-side.
19:54 of 2nd period - Tyler Johnson wins face-off versus Zemgus Girgensons in neutral zone.
Goals for this period are 1 for LAS VEGAS LIZARD KINGS vs 0 for KANSAS CITY KILLERBEES.
Shots for this period are 7 for LAS VEGAS LIZARD KINGS vs 5 for KANSAS CITY KILLERBEES.

3rd period


0:01 of 3rd period - Tyler Johnson wins face-off versus Ryan Nugent-Hopkins in neutral zone.
0:38 of 3rd period - Brayden McNabb is hit by Tyler Johnson and loses puck.
0:58 of 3rd period - Icing by K'Andre Miller.
0:59 of 3rd period - Yegor Sharangovich wins face-off versus Nino Niederreiter in KANSAS CITY KILLERBEES zone.
1:14 of 3rd period - Shot by Yegor Sharangovich.
1:14 of 3rd period - Deflect By James van Riemsdyk.
1:14 of 3rd period - Shot Misses the Net.
1:16 of 3rd period - Shot by Cam Fowler.
1:16 of 3rd period - Stopped by Mikko Koskinen without a rebound.
1:17 of 3rd period - Sean Monahan wins face-off versus Zach Aston-Reese in LAS VEGAS LIZARD KINGS zone.
1:17 of 3rd period - Sean Monahan is hit by Buddy Robinson.
1:18 of 3rd period - Minor Penalty to Buddy Robinson for Interference.
1:19 of 3rd period - Jake Lucchini wins face-off versus Johnny Gaudreau in KANSAS CITY KILLERBEES zone.
1:54 of 3rd period - Shot by Johnny Gaudreau.
1:54 of 3rd period - Stopped by Ilya Samsonov without a rebound.
1:55 of 3rd period - Jeff Carter wins face-off versus Ryan Dzingel in KANSAS CITY KILLERBEES zone.
2:22 of 3rd period - Shot by Victor Olofsson.
2:22 of 3rd period - Goal by Victor Olofsson - LAS VEGAS LIZARD KINGS : 4 - KANSAS CITY KILLERBEES : 1.
2:22 of 3rd period - Casey DeSmith enters game.
2:23 of 3rd period - Tyler Johnson wins face-off versus Sean Monahan in neutral zone.
2:33 of 3rd period - Alexis Lafreniere is hit by Jack Johnson and loses puck.
2:53 of 3rd period - Brandon Hagel is hit by Jacob Muzzin and loses puck.
3:01 of 3rd period - Icing by Mason Marchment.
3:02 of 3rd period - Jeff Carter wins face-off versus Tyler Johnson in KANSAS CITY KILLERBEES zone.
3:03 of 3rd period - Shot by Nino Niederreiter.
3:03 of 3rd period - Stopped by Casey DeSmith with a rebound.
3:05 of 3rd period - Shot by John Marino.
3:05 of 3rd period - Stopped by Casey DeSmith without a rebound.
3:06 of 3rd period - Yegor Sharangovich wins face-off versus Jeff Carter in KANSAS CITY KILLERBEES zone.
3:16 of 3rd period - Icing by John Marino.
3:17 of 3rd period - Buddy Robinson wins face-off versus Jeff Carter in LAS VEGAS LIZARD KINGS zone.
3:33 of 3rd period - Shot by Ryan Dzingel.
3:33 of 3rd period - Deflect By Zach Aston-Reese.
3:33 of 3rd period - Shot Misses the Net.
3:49 of 3rd period - Shot by K'Andre Miller.
3:49 of 3rd period - Stopped by Mikko Koskinen with a rebound.
3:51 of 3rd period - Shot by Zach Aston-Reese.
3:51 of 3rd period - Stopped by Mikko Koskinen without a rebound.
3:52 of 3rd period - Ryan Nugent-Hopkins wins face-off versus Mason Marchment in LAS VEGAS LIZARD KINGS zone.
5:31 of 3rd period - Shot by Brandon Hagel.
5:31 of 3rd period - Shot Misses the Net.
5:33 of 3rd period - Shot by Matthew Nieto.
5:33 of 3rd period - Stopped by Casey DeSmith without a rebound.
5:34 of 3rd period - Jeff Carter wins face-off versus Zach Aston-Reese in KANSAS CITY KILLERBEES zone.
5:34 of 3rd period - Evan Rodrigues is hit by K'Andre Miller and loses puck.
6:37 of 3rd period - Jake Lucchini is hit by Dylan Gambrell and loses puck.
6:44 of 3rd period - Nick Leddy is hit by MacKenzie Entwistle.
6:56 of 3rd period - Shot by Zemgus Girgensons.
6:56 of 3rd period - Shot Misses the Net.
6:58 of 3rd period - Shot by John Marino.
6:58 of 3rd period - Stopped by Casey DeSmith without a rebound.
6:59 of 3rd period - Yegor Sharangovich wins face-off versus Ryan Nugent-Hopkins in KANSAS CITY KILLERBEES zone.
7:14 of 3rd period - Shot by James van Riemsdyk.
7:14 of 3rd period - Stopped by Mikko Koskinen without a rebound.
7:15 of 3rd period - Mason Marchment wins face-off versus Sean Monahan in LAS VEGAS LIZARD KINGS zone.
7:22 of 3rd period - K'Andre Miller is hit by Brandon Hagel and loses puck.
7:43 of 3rd period - Shot by Brandon Hagel.
7:43 of 3rd period - Shot Misses the Net.
7:45 of 3rd period - Shot by Brandon Hagel.
7:45 of 3rd period - Shot Blocked by Mason Marchment.
7:47 of 3rd period - Shot by Brayden McNabb.
7:47 of 3rd period - Stopped by Casey DeSmith without a rebound.
7:48 of 3rd period - Yegor Sharangovich wins face-off versus Ryan Nugent-Hopkins in KANSAS CITY KILLERBEES zone.
8:24 of 3rd period - Shot by James van Riemsdyk.
8:24 of 3rd period - Stopped by Mikko Koskinen without a rebound.
8:25 of 3rd period - Zach Aston-Reese wins face-off versus Jeff Carter in LAS VEGAS LIZARD KINGS zone.
8:32 of 3rd period - Shot by Ryan Dzingel.
8:32 of 3rd period - Stopped by Mikko Koskinen without a rebound.
8:33 of 3rd period - Tyler Johnson wins face-off versus Jeff Carter in LAS VEGAS LIZARD KINGS zone.
8:35 of 3rd period - Mason Marchment is hit by John Klingberg and loses puck.
8:44 of 3rd period - Shot by Tyler Johnson.
8:44 of 3rd period - Stopped by Mikko Koskinen with a rebound.
9:01 of 3rd period - Icing by Nino Niederreiter.
9:02 of 3rd period - Yegor Sharangovich wins face-off versus Jeff Carter in LAS VEGAS LIZARD KINGS zone.
11:02 of 3rd period - Shot by Brandon Hagel.
11:02 of 3rd period - Stopped by Casey DeSmith without a rebound.
11:03 of 3rd period - Jeff Carter wins face-off versus Zach Aston-Reese in KANSAS CITY KILLERBEES zone.
11:04 of 3rd period - Shot by Evan Rodrigues.
11:04 of 3rd period - Stopped by Casey DeSmith without a rebound.
11:05 of 3rd period - Jeff Carter wins face-off versus Zach Aston-Reese in KANSAS CITY KILLERBEES zone.
11:31 of 3rd period - Icing by K'Andre Miller.
11:32 of 3rd period - Ryan Nugent-Hopkins wins face-off versus Buddy Robinson in KANSAS CITY KILLERBEES zone.
11:35 of 3rd period - Shot by Ryan Nugent-Hopkins.
11:35 of 3rd period - Stopped by Casey DeSmith without a rebound.
11:36 of 3rd period - Ryan Nugent-Hopkins wins face-off versus Tyler Johnson in KANSAS CITY KILLERBEES zone.
11:37 of 3rd period - Shot by Johnny Gaudreau.
11:37 of 3rd period - Shot Misses the Net.
11:55 of 3rd period - Shot by Alexis Lafreniere.
11:55 of 3rd period - Stopped by Mikko Koskinen without a rebound.
11:56 of 3rd period - Michael Chaput wins face-off versus Jeff Carter in LAS VEGAS LIZARD KINGS zone.
13:15 of 3rd period - Shot by Mason Marchment.
13:15 of 3rd period - Stopped by Mikko Koskinen without a rebound.
13:16 of 3rd period - Yegor Sharangovich wins face-off versus Sean Monahan in LAS VEGAS LIZARD KINGS zone.
13:21 of 3rd period - Shot by Yegor Sharangovich.
13:21 of 3rd period - Stopped by Mikko Koskinen without a rebound.
13:22 of 3rd period - Yegor Sharangovich wins face-off versus Victor Olofsson in LAS VEGAS LIZARD KINGS zone.
14:17 of 3rd period - Shot by Alexis Lafreniere.
14:17 of 3rd period - Stopped by Mikko Koskinen with a rebound.
14:38 of 3rd period - Tyler Johnson is hit by John Marino and loses puck.
15:01 of 3rd period - Shot by Buddy Robinson.
15:01 of 3rd period - Shot Misses the Net.
15:03 of 3rd period - Shot by Ryan Dzingel.
15:03 of 3rd period - Stopped by Mikko Koskinen with a rebound.
15:55 of 3rd period - Jacob Muzzin is hit by Brandon Hagel and loses puck.
16:54 of 3rd period - Shot by Zemgus Girgensons.
16:54 of 3rd period - Shot Blocked by Will Butcher.
16:56 of 3rd period - Shot by Dylan Gambrell.
16:56 of 3rd period - Shot Misses the Net.
16:58 of 3rd period - Shot by John Klingberg.
16:58 of 3rd period - Shot Blocked by Will Butcher.
17:43 of 3rd period - Mason Marchment is hit by John Marino.
18:22 of 3rd period - Buddy Robinson is hit by John Marino and loses puck.
Goals for this period are 1 for LAS VEGAS LIZARD KINGS vs 0 for KANSAS CITY KILLERBEES.
Shots for this period are 10 for LAS VEGAS LIZARD KINGS vs 12 for KANSAS CITY KILLERBEES.


JOHNNY
GAUDREAU
MATTHEW
BOLDY
OWEN
TIPPETT

EAST COAST

HOCKEY LEAGUE

  • 29.PIT6MAN7
  • 30.ATL6NHW2
  • 31.WOR4PET3
  • 32.3RHI4
  • 33.CHIQUE
  • 34.LIMCHA
  • 35.LONTRV
  • 36.BALCHW